 Dungeon Crawl Stone Soup version 0.23.2-30-g0e89c35649 (webtiles) character file.

Game seed: 5126300032697863206

40 Plasmo the Sneak (level 3, -3/22 HPs)
             Began as an Octopode Wizard on June 15, 2019.
             Slain by a gnoll
             ... wielding a +0 spear
              (7 damage)
             ... on level 2 of the Dungeon.
             The game lasted 00:04:40 (1370 turns).

Plasmo the Sneak (Octopode Wizard)                  Turns: 1370, Time: 00:04:41

Health: -3/22      AC:  1    Str:  7    XL:     3   Next: 50%
Magic:  7/7        EV: 13    Int: 23    God:
Gold:   52         SH:  0    Dex: 10    Spells: 7/8 levels left

rFire    . . .     SeeInvis .   d - +2 dagger (speed)
rCold    . . .     Gourm    .   (no shield)
rNeg     . . .     Faith    .   a - +0 hat
rPois    .         Spirit   .   (no amulet)
rElec    .         Reflect  .   g - +3 ring of intelligence
rCorr    .         Harm     .   (no ring)
MR       .....                  (no ring)
Stlth    +++.......             (no ring)
HPRegen  0.07/turn              (no ring)
MPRegen  0.10/turn              (no ring)
                                (no ring)
                                (no ring)

@: no status effects
A: almost no armour, stealthy swim, amphibious, 8 rings, constrict 8, camouflage
1, gelatinous body 1
a: no special abilities


You were on level 2 of the Dungeon.
You were not hungry.

You visited 1 branch of the dungeon, and saw 2 of its levels.

You collected 52 gold pieces.

Inventory:

Hand Weapons
 b - a +0 club
 d - a +2 dagger of speed (weapon)
Armour
 a - a +0 hat (worn)
Jewellery
 g - a +3 ring of intelligence (left tentacle)
Scrolls
 i - a scroll of identify
 k - a scroll of immolation {unknown}
Potions
 e - 2 potions of resistance
 f - a potion of might {unknown}
 h - a potion of lignification {unknown}
Comestibles
 c - 3 rations
 j - 2 chunks of flesh


   Skills:
 * Level 0.7 Fighting
 * Level 0.4 Short Blades
 + Level 0.6 Maces & Flails
 + Level 0.3 Throwing
 + Level 2.1 Dodging
 * Level 3.2 Stealth
 + Level 0.8 Unarmed Combat
 * Level 3.2 Spellcasting
 * Level 1.4 Conjurations
   Level 1.0 Summonings
   Level 1.0 Translocations


You had 7 spell levels left.
You knew the following spells:

 Your Spells              Type           Power        Failure   Level  Hunger
a - Magic Dart            Conj           ##..         6%          1    None

Your spell library contained the following spells:

 Spells                   Type           Power        Failure   Level  Hunger
 Blink                    Tloc           N/A          12%         2    ##.....
 Call Imp                 Summ           #.......     12%         2    ##.....
 Slow                     Hex            #.......     17%         2    ##.....
 Conjure Flame            Conj/Fire      #.......     26%         3    ###....
 Mephitic Cloud           Conj/Pois/Air  #.......     28%         3    ###....


Dungeon Overview and Level Annotations

Branches:
Dungeon (2/15)

Altars:


Innate Abilities, Weirdness & Mutations

You cannot wear most types of armour.
You are very stealthy in the water. (Stealth+)
You are amphibious.
You can wear up to eight rings at the same time.
You can use your tentacles to constrict eight enemies at once.
Your skin changes colour to match your surroundings (Stealth+).
Your rubbery body absorbs attacks. (AC +1, EV +1)


Message History

A gnoll comes into view. It is wielding a +0 club.
The gnoll misses you.
A gnoll comes into view.
The gnoll shouts!
You hit the gnoll but do no damage. Your grab misses the gnoll.
The gnoll closely misses you.
The gnoll hits you from afar with a +0 spear!
You hit the gnoll. Your grab misses the gnoll.
The gnoll is moderately wounded.
The gnoll barely misses you.
You hit the gnoll. Your grab misses the gnoll.
You squeeze the gnoll, but do no damage.
The gnoll is heavily wounded.
The gnoll hits you with a +0 halberd!
* * * LOW HITPOINT WARNING * * *
You hit the gnoll. You grab the gnoll.
The gnoll is heavily wounded.
You constrict the gnoll, but do no damage.
The gnoll hits you from afar with a +0 spear!
You die...

####### .......#########
####†...†@ggg#
#.......####.g# #####
?...#####.#### ... ....
..........)..######## #.
#
##..###.##........######
# # #.#########..(...###
#.# ###.....#. ...
#.#..... ≈≈≈ ####.#.....


You could see 4 gnolls.

Vanquished Creatures
  An adder (D:2)
  A ball python (D:2)
  2 giant cockroaches
  4 goblins (D:1)
  5 hobgoblins
  4 jackals (D:2)
  3 bats
  2 frilled lizards
  3 kobolds (D:1)
  4 rats
29 creatures vanquished.

Notes
Turn   | Place    | Note
-------+----------+-------------------------------------------
     0 | D:1      | Plasmo the Octopode Wizard began the quest for the Orb.
     0 | D:1      | Reached XP level 1. HP: 11/11 MP: 4/4
   439 | D:1      | Reached XP level 2. HP: 17/17 MP: 6/6
  1269 | D:2      | Reached XP level 3. HP: 20/22 MP: 7/7
  1370 | D:2      | Slain by a gnoll

Skill      XL: |  1  2 |
---------------+-------+-----
Stealth        | 3 |  3.2
Fighting       | |  0.7
Short Blades   | |  0.4
Maces & Flails | |  0.6
Throwing       | |  0.3
Dodging        | |  2.1
Unarmed Combat | |  0.8
Spellcasting   | |  3.2
Conjurations   | |  1.4
Summonings     | |  1.0
Translocations | |  1.0

Action                   || total
-------------------------++-------
Melee: Dagger            ||    75
       Constrict         ||    18
       Tentacles         ||    12
       Club              ||     1
  Use: Scroll            ||     2
 Stab: Sleeping          ||     6
  Eat: Chunk             ||     1
Armor: Skin              ||     4
Dodge: Dodged            ||    30
